[Event "African-ch Women 2019"]
[Site "Hammamet"]
[Date "2019.07.16"]
[Round "7.2"]
[White "Moaataz, Ayah"]
[Black "Latreche, Sabrina"]
[Result "0-1"]
[ECO "A29"]
[WhiteElo "2031"]
[BlackElo "2062"]
[Annotator "NA"]
[PlyCount "120"]
[EventDate "2019.07.09"]
[EventType "swiss"]
[EventCountry "TUN"]
[TimeControl "5400+30"]

1. c4 e5 2. g3 Nf6 3. Bg2 d5 4. cxd5 Nxd5 5. Nc3 Nb6 6. Nf3 Nc6 7. O-O Be7 8. Rb1 a5 9. d3 Be6 10. Be3 O-O 11. Rc1 Nd5 12. Nxd5 Bxd5 13. a3 a4 14. Bc5 Bxc5 15. Rxc5 Qd6 16. Qc1 Rfe8 17. e4 Bb3 18. Rc3 Re7 19. Qd2 Rd8 20. Rfc1 Na7 21. Bf1 b6 22. Re1 Nb5 23. Rcc1 c5 24. Qe3 Red7 25. h4 Qf6 26. Be2 h6 27. Kg2 Qe6 28. h5 Qe7 29. Rh1 f5 30. Rh4 Nd4 31. Nxd4 exd4 32. Qd2 fxe4 33. dxe4 d3 34. Bf3 Rd4 35. Rg4 Kh7 36. Re1 Qe5 37. Rf4 Be6 38. Re3 Qg5 39. Bd1 b5 40. Rh4 Qe7 41. f3 Bb3 42. Rh1 Rc4 43. Rxd3 Rxd3 44. Qxd3 Rd4 45. Qe2 Qd7 46. Bxb3 Rd2 47. Bd1 Rxe2+ 48. Bxe2 Qd2 49. Kf2 Qxb2 50. Rd1 c4 51. Rd7 c3 52. e5 c2 53. Bd3+ Kg8 54. Rd8+ Kf7 55. Bg6+ Ke7 56. Re8+ Kd7 57. e6+ Kd6 58. Bxc2 Qxc2+ 59. Ke3 Qc3+ 60. Kf4 Qe5+ 0-1

[Event "African-ch Women 2019"]
[Site "Hammamet"]
[Date "2019.07.16"]
[Round "7.3"]
[White "Ofowino, Toritsemuwa"]
[Black "Nassr, Lina"]
[Result "0-1"]
[ECO "D02"]
[WhiteElo "1877"]
[BlackElo "1982"]
[Annotator "NA"]
[PlyCount "66"]
[EventDate "2019.07.09"]
[EventType "swiss"]
[EventCountry "TUN"]
[TimeControl "5400+30"]

1. d4 Nf6 2. Bf4 d5 3. e3 c5 4. c3 Nc6 5. Nd2 e6 6. Ngf3 Bd6 7. Bg3 O-O 8. Bd3 b6 9. Qe2 Bb7 10. dxc5 bxc5 11. O-O e5 12. e4 Re8 13. exd5 Nxd5 14. Ne4 Qe7 15. Nxd6 Qxd6 16. Qc2 g6 17. Rad1 Qf6 18. Nd2 Rad8 19. Ne4 Qe7 20. Qe2 f5 21. Bc4 Na5 22. Bxd5+ Bxd5 23. Qb5 Nb7 24. Nd2 f4 25. c4 Nd6 26. Qxc5 Ba8 27. Bh4 Qxh4 28. Qxa7 Nf5 29. Qa3 e4 30. Qb3 e3 31. Nf3 Bxf3 32. gxf3 e2 33. c5+ Kg7 0-1

[Event "African-ch Women 2019"]
[Site "Hammamet"]
[Date "2019.07.16"]
[Round "7.4"]
[White "Elansary, Eman"]
[Black "Miladi, Amen"]
[Result "1-0"]
[ECO "E76"]
[WhiteElo "1946"]
[BlackElo "1777"]
[Annotator "NA"]
[PlyCount "71"]
[EventDate "2019.07.09"]
[EventType "swiss"]
[EventCountry "TUN"]
[TimeControl "5400+30"]

1. d4 Nf6 2. c4 g6 3. Nc3 Bg7 4. e4 d6 5. f4 O-O 6. Nf3 Nfd7 7. Be2 e5 8. fxe5 dxe5 9. d5 a5 10. Be3 Na6 11. O-O f5 12. exf5 gxf5 13. Kh1 f4 14. Bf2 Nac5 15. Nd2 Qe7 16. Nde4 Ra6 17. d6 cxd6 18. Nd5 Qd8 19. Nec3 Kh8 20. Bf3 Nb6 21. Qe2 Nxd5 22. Bxd5 a4 23. Rad1 Qe7 24. Rfe1 Bf5 25. Qf3 b6 26. Bc6 Qe6 27. h3 a3 28. b4 Nd7 29. Bb5 Ra7 30. Ne4 Bxe4 31. Qxe4 f3 32. Kh2 fxg2 33. Qxg2 Rg8 34. Rg1 Raa8 35. Qg4 Qxg4 36. hxg4 1-0

[Event "African-ch Women 2019"]
[Site "Hammamet"]
[Date "2019.07.16"]
[Round "7.5"]
[White "Ravelomanana, Sabine"]
[Black "Mwango, Lorita"]
[Result "1/2-1/2"]
[ECO "D02"]
[WhiteElo "1832"]
[BlackElo "1931"]
[Annotator "NA"]
[PlyCount "141"]
[EventDate "2019.07.09"]
[EventType "swiss"]
[EventCountry "TUN"]
[TimeControl "5400+30"]

1. d4 d5 2. Bf4 Nf6 3. e3 e6 4. Bd3 c5 5. c3 Nc6 6. Nf3 Be7 7. Nbd2 Bd7 8. Ne5 a6 9. Ndf3 Rc8 10. Rc1 h6 11. h4 Qa5 12. Bb1 Nxe5 13. Nxe5 Qb6 14. Qd2 Bc6 15. f3 Nh5 16. Ng6 Rg8 17. Nxe7 Kxe7 18. Bh2 Nf6 19. g4 Nd7 20. O-O Rcf8 21. c4 cxd4 22. exd4 dxc4 23. Rf2 Bd5 24. b3 Rc8 25. bxc4 Rxc4 26. Rxc4 Bxc4 27. Be4 Nf6 28. Qb2 Qxb2 29. Rxb2 b5 30. Bb7 Rd8 31. Rd2 a5 32. Kf2 Nd5 33. a3 f6 34. h5 Kd7 35. Rc2 Rg8 36. a4 Bb3 37. Bc6+ Ke7 38. Rc5 Bxa4 39. Bxb5 Bxb5 40. Rxb5 Ra8 41. Rb7+ Kf8 42. Bd6+ Kg8 43. Ke2 Rd8 44. Bc5 Ra8 45. Kd3 a4 46. Ba3 Rc8 47. Bc5 Ra8 48. Ba3 g6 49. hxg6 Nf4+ 50. Ke4 Nxg6 51. d5 exd5+ 52. Kxd5 Ra6 53. Rc7 Ne5 54. Ke4 Rc6 55. Ra7 Rc4+ 56. Kf5 Nxf3 57. Kxf6 Rxg4 58. Ra8+ Kh7 59. Ra7+ Kh8 60. Ra8+ Rg8 61. Rxa4 Rc8 62. Ra7 Rc6+ 63. Kf5 Nd4+ 64. Kg4 Nb5 65. Bb2+ Kg8 66. Rg7+ Kf8 67. Rb7 Nd6 68. Ba3 Kg8 69. Bxd6 Rxd6 70. Kh5 Rf6 71. Ra7 1/2-1/2

[Event "African-ch Women 2019"]
[Site "Hammamet"]
[Date "2019.07.16"]
[Round "8.1"]
[White "Wafa, Shrook"]
[Black "Nassr, Lina"]
[Result "1-0"]
[ECO "B40"]
[WhiteElo "2144"]
[BlackElo "1982"]
[Annotator "ChessBase"]
[PlyCount "133"]
[EventDate "2019.07.09"]
[EventType "swiss"]
[EventCountry "TUN"]
[SourceTitle "playchess.com"]
[Source "ChessBase"]
[SourceQuality "1"]
[TimeControl "5400+30"]

1. e4 c5 2. Nf3 e6 3. d4 cxd4 4. Nxd4 Nf6 5. Bd3 Nc6 6. Nb3 Be7 7. O-O O-O 8. Re1 Qc7 9. Nc3 a6 10. Qe2 d6 11. a4 b6 12. Be3 Nb4 13. a5 bxa5 14. Nxa5 Rb8 15. Reb1 Rd8 16. f3 d5 17. Bf2 Nxd3 18. cxd3 Bb4 19. Rc1 Bxa5 20. Nd1 Qd7 21. Rxa5 dxe4 22. dxe4 Qd2 23. Qxd2 Rxd2 24. Bg3 Ra8 25. Rac5 Rd8 26. Bh4 Re8 27. Bxf6 gxf6 28. Ne3 Bd7 29. Ng4 Kg7 30. e5 fxe5 31. Nxe5 Bb5 32. Rc7 Rf8 33. Kf2 Rad8 34. Ke3 Rd5 35. f4 Kg8 36. Re7 Rdd8 37. Rcc7 Be8 38. Rb7 Rc8 39. g4 Rc2 40. h4 Rh2 41. h5 h6 42. b4 Rh3+ 43. Kf2 Rh2+ 44. Kg3 Re2 45. Rb8 Bb5 46. Rxf8+ Kxf8 47. Rxf7+ Kg8 48. Rf6 Re3+ 49. Kf2 Re4 50. Kf3 Rxb4 51. Rxe6 Kg7 52. Re7+ Kg8 53. Ra7 Rb1 54. Nf7 Rf1+ 55. Ke4 Be2 56. Nxh6+ Kf8 57. Ke5 Bd1 58. Rxa6 Rf2 59. f5 Be2 60. Ra7 Bd1 61. Kf6 Ke8 62. Ra8+ Kd7 63. g5 Bxh5 64. g6 Be2 65. g7 Bc4 66. g8=Q Bxg8 67. Rxg8 1-0

[Event "African-ch Women 2019"]
[Site "Hammamet"]
[Date "2019.07.16"]
[Round "8.2"]
[White "Latreche, Sabrina"]
[Black "Elansary, Eman"]
[Result "1/2-1/2"]
[ECO "B01"]
[WhiteElo "2062"]
[BlackElo "1946"]
[Annotator "NA"]
[PlyCount "86"]
[EventDate "2019.07.09"]
[EventType "swiss"]
[EventCountry "TUN"]
[SourceTitle "playchess.com"]
[Source "ChessBase"]
[SourceQuality "1"]
[TimeControl "5400+30"]

1. e4 d5 2. exd5 Nf6 3. Nf3 Nxd5 4. d4 Bf5 5. c3 c6 6. Bd3 Bxd3 7. Qxd3 e6 8. O-O Be7 9. c4 Nf6 10. Nc3 O-O 11. Bf4 Nh5 12. Bd2 c5 13. d5 Nf6 14. Bf4 exd5 15. Nxd5 Nxd5 16. cxd5 Nd7 17. Rac1 Re8 18. Rfe1 Qb6 19. d6 Bf6 20. Qf5 Qc6 21. b3 h6 22. Rcd1 Bc3 23. Re7 Nf6 24. Rc7 Qe4 25. Qxe4 Rxe4 26. Be3 Rd8 27. Rxb7 Bd4 28. Bxd4 Rxd6 29. Rxa7 cxd4 30. Ra4 d3 31. Rxe4 Nxe4 32. Ne5 d2 33. Nc4 Ra6 34. a4 Nc5 35. Rxd2 Nxb3 36. Rd8+ Kh7 37. Nb2 Nc5 38. g3 Nxa4 39. Nd3 Nc3 40. Rd7 f5 41. Nf4 Ne4 42. Kg2 Rd6 43. Rxd6 Nxd6 1/2-1/2

[Event "African-ch Women 2019"]
[Site "Hammamet"]
[Date "2019.07.16"]
[Round "8.3"]
[White "Ravelomanana, Sabine"]
[Black "Mezioud, Amina"]
[Result "0-1"]
[ECO "A46"]
[WhiteElo "1832"]
[BlackElo "2128"]
[Annotator "NA"]
[PlyCount "70"]
[EventDate "2019.07.09"]
[EventType "swiss"]
[EventCountry "TUN"]
[SourceTitle "playchess.com"]
[Source "ChessBase"]
[SourceQuality "1"]
[TimeControl "5400+30"]

1. d4 Nf6 2. Bf4 d6 3. e3 Nbd7 4. Nf3 Nh5 5. Bg5 h6 6. Bh4 g5 7. Bg3 Nxg3 8. hxg3 Bg7 9. Bd3 e5 10. c3 O-O 11. Qc2 Re8 12. Nbd2 Nf6 13. dxe5 dxe5 14. O-O-O Qe7 15. Bc4 e4 16. Nd4 c5 17. N4b3 Bd7 18. Nf1 b5 19. Be2 a5 20. f4 a4 21. Nbd2 Qe6 22. c4 b4 23. b3 axb3 24. axb3 Ra1+ 25. Nb1 Qa6 26. Rd2 Bc8 27. Kd1 Ng4 28. Bxg4 Bxg4+ 29. Ke1 Bc3 30. Kf2 Bxd2 31. Nfxd2 Ra2 32. Qc1 Qd6 33. Kg1 Qd3 34. Nf1 Qe2 35. Rh2 Rc2 0-1

[Event "African-ch Women 2019"]
[Site "Hammamet"]
[Date "2019.07.16"]
[Round "8.4"]
[White "February, Jesse Nikki"]
[Black "Moaataz, Ayah"]
[Result "0-1"]
[ECO "B18"]
[WhiteElo "1888"]
[BlackElo "2031"]
[Annotator "NA"]
[PlyCount "72"]
[EventDate "2019.07.09"]
[EventType "swiss"]
[EventCountry "TUN"]
[SourceTitle "playchess.com"]
[Source "ChessBase"]
[SourceQuality "1"]
[TimeControl "5400+30"]

1. e4 c6 2. d4 d5 3. Nc3 dxe4 4. Nxe4 Bf5 5. Ng3 Bg6 6. Nh3 e6 7. Nf4 Bd6 8. h4 Bxf4 9. Bxf4 h6 10. Qd2 Nf6 11. c4 O-O 12. Be2 Re8 13. h5 Bh7 14. O-O Na6 15. Rad1 Qe7 16. Rfe1 Rad8 17. Qc3 Nb4 18. Bf3 Nxa2 19. Qb3 Nb4 20. Rd2 b6 21. Nf1 a5 22. g4 Nd7 23. Ng3 e5 24. Be4 Qh4 25. Bxh7+ Kxh7 26. dxe5 Qxg4 27. Qe3 Nc5 28. f3 Qe6 29. Rd6 Qxc4 30. Nf5 Nd5 31. Rxd5 Qxd5 32. Bxh6 g6 33. Bg7 Qd2 34. hxg6+ fxg6 35. Bf6 gxf5 36. Bxd8 Rg8+ 0-1

[Event "African-ch Women 2019"]
[Site "Hammamet"]
[Date "2019.07.16"]
[Round "8.5"]
[White "Mwango, Lorita"]
[Black "Marzouk, Amira"]
[Result "1/2-1/2"]
[ECO "D02"]
[WhiteElo "1931"]
[BlackElo "1667"]
[Annotator "NA RC"]
[PlyCount "167"]
[EventDate "2019.07.09"]
[EventType "swiss"]
[EventCountry "TUN"]
[SourceTitle "playchess.com"]
[Source "ChessBase"]
[SourceQuality "1"]
[TimeControl "5400+30"]

1. d4 d5 2. Nf3 Nf6 3. Bf4 e6 4. e3 Be7 5. Be2 O-O 6. O-O {[%emt 0:00:22] D02: 1 d4 d5 2 Nf3 sidelines, including 2...Nf6 3 g3 and 2...Nf6 3 Bf4} b6 7. h3 Bb7 8. Nbd2 (8. a4 a6 9. Nbd2 Nbd7 10. c3 c5 11. Qb1 Ne4 12. Nxe4 dxe4 13. Nd2 Nf6 14. Rd1 cxd4 15. cxd4 {1-0 (54) Xiong,J (2641)-Liang,A (2430) Saint Louis 2016}) 8... Nbd7 9. c3 Ne4 10. Rc1 c5 11. Qc2 $146 ({Predecessor:} 11. Nxe4 dxe4 12. Nd2 Nf6 13. Qa4 a6 14. Qc2 Qc8 15. Bg5 Qc6 16. dxc5 Bxc5 17. c4 Nd7 18. Bf4 {0-1 (32) Nemeth,A (2045)-Neber,A (2169) Hungary 2009}) 11... Rc8 12. Qb1 f5 13. Nxe4 fxe4 14. Ne5 Nxe5 15. Bxe5 Bd6 16. Bg4 Qe7 17. Bxd6 Qxd6 18. Qc2 Ba6 19. Be2 Bxe2 20. Qxe2 c4 21. f3 exf3 22. Rxf3 Rxf3 23. Qxf3 Rf8 24. Qe2 b5 25. Re1 e5 26. dxe5 Qxe5 27. Qd2 Qe4 28. Rd1 Rf5 29. a3 Re5 30. Re1 a6 31. Qd4 Qxd4 32. cxd4 Re6 33. Kf2 Kf7 34. Kf3 a5 35. Rc1 Kf6 36. Ke2 Kg5 37. g3 Rh6 38. Rh1 Kf5 39. Rf1+ Ke6 40. h4 Rf6 41. Re1 Kf5 42. Kf3 Kg6+ 43. Kg2 Kf5 44. Kf3 Ke6+ 45. Ke2 Kd6 46. Rc1 Rf7 47. Ra1 Ke6 48. Re1 Rb7 49. Kf3 ({White should try} 49. Kd2 $15) 49... b4 50. axb4 axb4 51. Ra1 Kd6 52. Ra6+ Kc7 53. Kf4 Rb6 54. Ra7+ {[%emt 0:04:34] [#]} Kc6 ({Black should play} 54... Kb8 $1 $17 55. Ra1 (55. Rxg7 c3 $19) 55... Kc7) 55. Ke5 $2 $11 ({Avoid the trap} 55. Rxg7 $2 c3 $19) ({Only move:} 55. e4 $1 $11) 55... Rb7 56. Ra6+ Rb6 57. Ra1 $2 Rb5 $2 (57... Rb8 $19 58. h5 Re8+ 59. Kf4 Rf8+ 60. Ke5 Rf2) 58. e4 dxe4+ 59. Kxe4 Rb7 60. d5+ Kb5 {[%emt 0:00:13] [#]} ({Better is} 60... Kc5 $11 61. Ra5+ Kb6) 61. Kd4 $1 Rf7 (61... Rb6 $1 $14) 62. Rc1 ({Only move:} 62. Ra8 $16) 62... Rf2 63. Rxc4 Rd2+ 64. Ke3 Rxd5 65. Rc7 Rc5 (65... Re5+ $11 66. Kd4 Re2) 66. Rxc5+ ({Better is} 66. Rxg7 $16 Rc2 67. Rxh7) 66... Kxc5 67. b3 Kd5 $1 68. Kd3 h5 69. Ke3 Ke5 70. Kd3 Kd5 $5 71. Ke3 Ke5 72. Kd3 Kf5 $11 73. Kc4 (73. Ke3 $1 $11) 73... Kg4 74. Kxb4 Kxg3 75. Kc5 Kxh4 76. b4 Kg4 77. b5 h4 78. b6 h3 79. b7 h2 80. b8=Q h1=Q 81. Qc8+ Kg3 82. Qc7+ Kf2 83. Qxg7 Qc1+ 84. Kd5 1/2-1/2

[Event "African-ch Women 2019"]
[Site "Hammamet"]
[Date "2019.07.17"]
[Round "9.1"]
[White "Mwango, Lorita"]
[Black "Wafa, Shrook"]
[Result "0-1"]
[ECO "A47"]
[WhiteElo "1931"]
[BlackElo "2144"]
[Annotator "NA"]
[PlyCount "130"]
[EventDate "2019.07.09"]
[EventType "swiss"]
[EventCountry "TUN"]
[SourceTitle "playchess.com"]
[Source "ChessBase"]
[SourceQuality "1"]
[TimeControl "5400+30"]

1. d4 Nf6 2. Nf3 e6 3. Bf4 Be7 4. e3 O-O 5. Be2 b6 6. O-O Bb7 7. h3 d6 8. Bh2 Ne4 9. c4 Nd7 10. Nc3 Nxc3 11. bxc3 f5 12. Qb3 c5 13. Rad1 Qc7 14. Rd2 Rad8 15. Rfd1 Nf6 16. Ng5 Bc8 17. Rb2 h6 18. Nf3 Ne4 19. Qc2 Bf6 20. Nd2 Bb7 21. Bd3 Nxd2 22. Qxd2 Qf7 23. f3 Qg6 24. Rf1 e5 25. Be2 Rfe8 26. d5 Bc8 27. Qc2 Bg5 28. f4 exf4 29. exf4 Bf6 30. Bd3 Re3 31. Kh1 Rde8 32. Rbb1 Bd7 33. Bg1 R3e7 34. Bf2 Qh5 35. Rbe1 Rxe1 36. Rxe1 Rxe1+ 37. Bxe1 Qe8 38. Qe2 Qxe2 39. Bxe2 Kf7 40. Kg1 g5 41. g3 Ke7 42. Bd2 g4 43. hxg4 fxg4 44. Bd3 h5 45. Be1 Kf7 46. Kg2 Bg7 47. Kf2 Kf6 48. a3 Bf5 49. Be2 Bc2 50. Ke3 Kf5 51. Bf1 Bh6 52. Bg2 h4 53. Bh1 h3 54. Bf2 Bg7 55. Be1 Bf6 56. Bd2 a6 57. Be1 Bd8 58. Bf2 b5 59. cxb5 axb5 60. Bg1 c4 61. Ke2 Be4 62. Bxe4+ Kxe4 63. Kf1 Kxd5 64. Bd4 Ke4 65. Kf2 d5 0-1

[Event "African-ch Women 2019"]
[Site "Hammamet"]
[Date "2019.07.17"]
[Round "9.2"]
[White "Wafa, Shahenda"]
[Black "Latreche, Sabrina"]
[Result "1-0"]
[ECO "C89"]
[WhiteElo "2175"]
[BlackElo "2062"]
[Annotator "NA"]
[PlyCount "97"]
[EventDate "2019.07.09"]
[EventType "swiss"]
[EventCountry "TUN"]
[SourceTitle "playchess.com"]
[Source "ChessBase"]
[SourceQuality "1"]
[TimeControl "5400+30"]

1. e4 e5 2. Nf3 Nc6 3. Bb5 a6 4. Ba4 Nf6 5. O-O Be7 6. Re1 b5 7. Bb3 O-O 8. c3 d5 9. exd5 Nxd5 10. Nxe5 Nxe5 11. Rxe5 c6 12. d4 Bd6 13. Re1 Qh4 14. g3 Qh3 15. Re4 Nf6 16. Rh4 Qf5 17. Bc2 Qd5 18. Qd3 Re8 19. Be3 g6 20. Bb3 Qf5 21. Qxf5 Bxf5 22. Nd2 Ng4 23. Bg5 h6 24. Bxh6 Nxh6 25. Rxh6 Kg7 26. Rh4 Be7 27. Rf4 Bg5 28. Rxf5 gxf5 29. Nf3 Bf6 30. Kf1 f4 31. g4 Rac8 32. Rd1 Rc7 33. h4 Bd8 34. h5 f6 35. Nh4 f3 36. Nf5+ Kh8 37. Nd6 Ree7 38. Rd3 Rcd7 39. Nf5 Re4 40. Rxf3 Rxg4 41. Be6 Rh7 42. h6 Re4 43. Bb3 Bc7 44. Bc2 Rf4 45. Re3 Kg8 46. Re8+ Kf7 47. Re7+ Kg8 48. Bb3+ Kf8 49. Rxh7 1-0

[Event "African-ch Women 2019"]
[Site "Hammamet"]
[Date "2019.07.17"]
[Round "9.3"]
[White "Moaataz, Ayah"]
[Black "Mezioud, Amina"]
[Result "1-0"]
[ECO "A23"]
[WhiteElo "2031"]
[BlackElo "2128"]
[Annotator "NA"]
[PlyCount "55"]
[EventDate "2019.07.09"]
[EventType "swiss"]
[EventCountry "TUN"]
[SourceTitle "playchess.com"]
[Source "ChessBase"]
[SourceQuality "1"]
[TimeControl "5400+30"]

1. c4 e5 2. g3 c6 3. Nf3 e4 4. Nd4 d5 5. cxd5 cxd5 6. Bg2 Nf6 7. O-O Bc5 8. Nb3 Bb6 9. d3 O-O 10. Nc3 Bf5 11. Bg5 exd3 12. Nxd5 dxe2 13. Qxe2 Re8 14. Bxf6 Rxe2 15. Bxd8 Bxd8 16. Nd4 Rxb2 17. Nxf5 Nc6 18. Rfb1 Re2 19. Rxb7 Ba5 20. Rc1 Nd8 21. Re7 Ne6 22. Nf6+ gxf6 23. Bxa8 h6 24. g4 Kh7 25. Bd5 Kg6 26. Bxe6 Kg5 27. h4+ Kf4 28. Rc4+ 1-0

[Event "African-ch Women 2019"]
[Site "Hammamet"]
[Date "2019.07.17"]
[Round "9.4"]
[White "Elansary, Eman"]
[Black "Marzouk, Amira"]
[Result "1-0"]
[ECO "D05"]
[WhiteElo "1946"]
[BlackElo "1667"]
[Annotator "NA"]
[PlyCount "73"]
[EventDate "2019.07.09"]
[EventType "swiss"]
[EventCountry "TUN"]
[SourceTitle "playchess.com"]
[Source "ChessBase"]
[SourceQuality "1"]
[TimeControl "5400+30"]

1. d4 d5 2. Nf3 Nf6 3. e3 c5 4. c3 e6 5. Bd3 Bd6 6. Nbd2 O-O 7. e4 dxe4 8. Nxe4 Nxe4 9. Bxe4 cxd4 10. Nxd4 a6 11. Qf3 Qc7 12. Qh3 f5 13. Bc2 Nc6 14. Nxc6 Qxc6 15. O-O e5 16. Bb3+ Kh8 17. Qd3 e4 18. Qd5 Qc7 19. g3 Bd7 20. Rd1 Rf6 21. Bf4 Bxf4 22. Qxd7 Be5 23. Qxc7 Bxc7 24. Rd7 Rc8 25. Rad1 h6 26. Kf1 b5 27. R1d5 Bb6 28. Re5 Rc7 29. Rdd5 f4 30. g4 e3 31. Rd8+ Kh7 32. Bg8+ Kg6 33. h4 Rfc6 34. Rf8 h5 35. Rg5+ Kh6 36. Rxh5+ Kg6 37. Bh7# 1-0

[Event "African-ch Women 2019"]
[Site "Hammamet"]
[Date "2019.07.17"]
[Round "9.5"]
[White "Nassr, Lina"]
[Black "Miladi, Amen"]
[Result "1-0"]
[ECO "A24"]
[WhiteElo "1982"]
[BlackElo "1777"]
[Annotator "NA"]
[PlyCount "71"]
[EventDate "2019.07.09"]
[EventType "swiss"]
[EventCountry "TUN"]
[SourceTitle "playchess.com"]
[Source "ChessBase"]
[SourceQuality "1"]
[TimeControl "5400+30"]

1. c4 Nf6 2. e3 g6 3. Nc3 Bg7 4. g3 O-O 5. Bg2 d6 6. Nge2 e5 7. O-O Nbd7 8. d3 a5 9. b3 Re8 10. a3 Nc5 11. e4 c6 12. h3 Nfd7 13. Be3 f5 14. Qc2 Qf6 15. d4 Nxe4 16. Nxe4 fxe4 17. Qxe4 Qf7 18. Qc2 Nf8 19. dxe5 Bxe5 20. Rad1 Bf5 21. Qd2 Red8 22. Bb6 Rdc8 23. f4 Bg7 24. g4 Ra6 25. Bxa5 Bd7 26. a4 Re8 27. Bc3 Rxe2 28. Qxe2 Bxc3 29. Rxd6 Bb4 30. Rd3 Ne6 31. f5 Bc5+ 32. Kh1 Nd4 33. Qe5 Ba7 34. c5 Nxb3 35. fxg6 Qxg6 36. Rxd7 1-0